 Dungeon Sprint DCSS version 0.15-a0-1206-g3bad1a6 (webtiles) character file.

28100000 Infinimo the Axe Maniac (level 27, -15/237 (249) HPs)
             Began as a Formicid Air Elementalist on June 1, 2014.
             Was the Champion of Makhleb.
             Killed from afar by a vile (47 damage)
             ... with a foul vapour
             ... in the Dungeon (Sprint VIII: "Arena of Blood").
             The game lasted 00:05:32 (281 turns).

Infinimo the Axe Maniac (Formicid Air Elementalist)  Turns: 281, Time: 00:05:32

HP -15/237 (249) AC  4     Str 15      XL: 27
MP  50/50        EV 35     Int 17      God: Makhleb [******]
Gold 0           SH  0     Dex 20      Spells:  2 memorised, 77 levels left

rFire  . . .     SeeInvis +     f - +∞ Axe of Woe
rCold  . . .     Clarity  .     a - +0 robe
rNeg   . . .     rCorr    .     (no shield)
rPois  .         rRot     .     (helmet unavailable)
rElec  .         Spirit   .     (no cloak)
SustAb .         Warding  .     (no gloves)
rMut   .         Stasis   +     (no boots)
Gourm  .                        (no amulet)
MR     ++...                    (no ring)
                                (no ring)

@: confused, lethally poisoned, repel missiles, very resistant to hostile
enchantments, stealthy
A: permanent stasis, dig shafts and tunnels, four strong arms, antennae 3
a: Dig, Minor Destruction, Lesser Servant of Makhleb, Major Destruction, Greater
Servant of Makhleb, Renounce Religion


You were in the Dungeon.
You worshipped Makhleb.
Makhleb was exalted by your worship.
You were not hungry.

You visited 1 branch

Inventory:

Hand weapons
 f - the +∞,+∞ Axe of Woe (weapon)
   (You found it in the Dungeon)
Armour
 a - a +0 robe (worn)
Comestibles
 c - a bread ration
Jewellery
 h - a +27000,+30 ring of slaying
 i - a +27000,+30 ring of slaying
Potions
 e - a potion of heal wounds
 g - 2 potions of magic
Books
 b - a book of Air

   Spells                             Type                      Level
   *Shock                             Conjuration/Air              1
   Swiftness                          Charms/Air                   2
   *Repel Missiles                    Charms/Air                   2
   Flight                             Charms/Air                   3
   Static Discharge                   Conjuration/Air              3
   Lightning Bolt                     Conjuration/Air              5


   Skills:
 O Level 27 Fighting
 O Level 27 Axes
 O Level 27 Throwing
 O Level 27 Armour
 O Level 27 Dodging
 O Level 27 Stealth
 O Level 27 Unarmed Combat
 O Level 27 Spellcasting
 O Level 27 Conjurations
 O Level 27 Charms
 O Level 27 Air Magic
 O Level 27 Invocations


You had 77 spell levels left.
You knew the following spells:

 Your Spells              Type           Power        Failure   Level  Hunger
a - Shock                 Conj/Air       ####         0%          1    None
b - Repel Missiles        Chrm/Air       ######       0%          2    None


Dungeon Overview and Level Annotations

Branches:
Dungeon (1/1)

Altars:
Makhleb


Innate Abilities, Weirdness & Mutations

Your are under a permanent stasis effect.
You can dig through walls and to a lower floor.
Your four strong arms can wield two-handed weapons with a shield.
You have a pair of large antennae on your head (SInv).


Message History

The vile appears out of thin air!
A vile comes into view. It is wielding a flail.
You hear a shout!
A vampire knight and a wraith come into view.
Unknown command.
Unknown command.
An observer comes into view.
You are engulfed in dark miasma.
You are more poisoned.
Your stasis keeps you stable.
You feel very sick.
You hear a shout! x3
The vile hits you with a mace!!
You are engulfed in flames!!!!
* * * LOW HITPOINT WARNING * * *
You hear a shout!
You are confused.
The vile throws miasma at you. The foul vapour hits you!
You are more poisoned.
You die...

.........#.. .
..........O.....
.........#%.....
.........{....9.# ###
.........##.....## ####.##
.....))........§§###.###)##
))..)).)###....§§§#.#.###.#
.)X.)).)G)....§W9#.###.#.##
).).#.#)p)%...D§@)#.###.##
.......)))W)))9§§..#)####
...#§#.#.))))..)§##..#
..........)9)))99#.###
....#.#.#..#.....)#.#
..........#..2.....##
...........#...).###
..........#W....##
...............V#


You could see a meat beast, an eight-headed meat hydra, a destroyer, an observer
(wandering), a fleshlord (wandering), 2 lost souls and 6 viles.

Vanquished Creatures
  Sigmund (D)
  6 great orbs of eyes (D)
  2 greater mummies (D)
  6 hell beasts (D)
  8 hell knights (D)
  2 hill giants (D)
  2 hydras (D)
  2 liches (D)
  3 molten gargoyles (D)
  27 ogres (D)
  46 orcs (D)
  2 phantoms (D)
  7 skeletal warriors (D)
  8 vampire knights (D)
  8 wraiths (D)
  9 sea snakes (D)
  2 tentacled monstrosities (D)
  A reaper (D)
  8 large abominations (D)
  7 small abominations (D)
  4 crawling corpses (D)
161 creatures vanquished.

Vanquished Creatures (others)
  A crawling corpse (D)
1 creature vanquished.

Grand Total: 162 creatures vanquished

Notes
Turn   | Place    | Note
--------------------------------------------------------------
     0 | D        | Infinimo, the Formicid Air Elementalist, began the quest for the Orb.
     0 | D        | Reached XP level 1. HP: 13/13 MP: 3/3
     3 | D        | Noticed a meat berserker
     3 | D        | Became a worshipper of Makhleb the Destroyer
     4 | D        | Noticed a bag of meat
     6 | D        | Noticed a bag of meat
     6 | D        | Noticed a bag of meat
     7 | D        | Noticed a bag of meat
     7 | D        | Noticed a bag of meat
     8 | D        | Noticed a meat berserker
     8 | D        | Killed a bag of meat
     8 | D        | Reached skill level 24 in Axes
     8 | D        | Reached XP level 2. HP: 19/19 MP: 5/5
     8 | D        | Reached XP level 3. HP: 24/24 MP: 7/7
     8 | D        | Reached XP level 4. HP: 30/30 MP: 8/8
     8 | D        | Reached XP level 5. HP: 35/35 MP: 11/11
     8 | D        | Reached XP level 6. HP: 41/41 MP: 12/12
     8 | D        | Reached XP level 7. HP: 46/46 MP: 14/14
     8 | D        | Reached XP level 8. HP: 52/52 MP: 16/16
     8 | D        | Reached XP level 9. HP: 57/57 MP: 18/18
     8 | D        | Reached XP level 10. HP: 63/63 MP: 18/18
     8 | D        | Reached XP level 11. HP: 68/68 MP: 20/20
     9 | D        | Noticed a meat berserker
     9 | D        | Killed a meat berserker
     9 | D        | Acquired Makhleb's first power
     9 | D        | Reached skill level 27 in Axes
     9 | D        | Reached skill level 5 in Dodging
     9 | D        | Reached XP level 12. HP: 46/88 MP: 21/21
     9 | D        | Reached XP level 13. HP: 48/93 MP: 22/22
    10 | D        | Noticed a bag of meat
    10 | D        | Killed a bag of meat
    10 | D        | Killed a meat berserker
    10 | D        | Reached XP level 14. HP: 112/120 MP: 23/23
    10 | D        | Killed a bag of meat
    10 | D        | Acquired Makhleb's second power
    10 | D        | Reached XP level 15. HP: 117/131 MP: 24/24
    11 | D        | Noticed a bag of meat
    12 | D        | Noticed a bag of meat
    13 | D        | Killed a bag of meat
    13 | D        | Reached skill level 15 in Dodging
    13 | D        | Killed a meat berserker
    14 | D        | Noticed a bag of meat
    14 | D        | Noticed a bag of meat
    14 | D        | Noticed a bag of meat
    15 | D        | Noticed a bag of meat
    16 | D        | Noticed a destroyer
    16 | D        | Killed a bag of meat
    16 | D        | Acquired Makhleb's third power
    16 | D        | Reached XP level 16. HP: 142/149 MP: 24/24
    17 | D        | Killed a bag of meat
    18 | D        | Killed a bag of meat
    19 | D        | Noticed a meat berserker
    19 | D        | Killed a bag of meat
    19 | D        | Acquired Makhleb's fourth power
    19 | D        | Reached XP level 17. HP: 158/164 MP: 25/25
    20 | D        | Noticed a bag of meat
    20 | D        | Killed a bag of meat
    21 | D        | Noticed a bag of meat
    21 | D        | Killed a bag of meat
    21 | D        | Killed a bag of meat
    21 | D        | Reached XP level 18. HP: 176/179 MP: 26/26
    21 | D        | Killed a bag of meat
    21 | D        | Killed a bag of meat
    21 | D        | Acquired Makhleb's fifth power
    21 | D        | Reached skill level 27 in Fighting
    21 | D        | Reached skill level 27 in Armour
    22 | D        | Noticed a bag of meat
    23 | D        | Killed a destroyer
    24 | D        | Noticed a meat berserker
    25 | D        | Noticed a meat berserker
    25 | D        | Killed a meat berserker
    25 | D        | Reached skill level 27 in Dodging
    25 | D        | Reached skill level 5 in Spellcasting
    25 | D        | Reached skill level 5 in Air Magic
    25 | D        | Reached XP level 19. HP: 189/189 MP: 26/32
    26 | D        | Noticed a meat berserker
    27 | D        | Noticed a destroyer
    29 | D        | Killed a bag of meat
    30 | D        | Killed a bag of meat
    30 | D        | Reached skill level 10 in Air Magic
    31 | D        | Noticed a bag of meat
    31 | D        | Noticed a meat berserker
    31 | D        | Noticed a large bag of meat
    31 | D        | Noticed a destroyer
    31 | D        | Killed a meat berserker
    32 | D        | Noticed a bag of meat
    32 | D        | Killed a meat berserker
    32 | D        | Reached skill level 15 in Spellcasting
    34 | D        | Noticed a destroyer
    34 | D        | Noticed a meat berserker
    34 | D        | Noticed a sculptor of flesh
    34 | D        | Killed a meat berserker
    34 | D        | Reached skill level 15 in Conjurations
    34 | D        | Reached XP level 20. HP: 197/197 MP: 27/42
    35 | D        | Noticed a destroyer
    35 | D        | Killed a destroyer
    35 | D        | Reached skill level 15 in Air Magic
    36 | D        | Killed a destroyer
    36 | D        | Killed a destroyer
    37 | D        | Noticed a bag of meat
    37 | D        | Noticed a sculptor of flesh
    37 | D        | Killed a large bag of meat
    37 | D        | Killed a meat berserker
    37 | D        | Reached XP level 21. HP: 204/204 MP: 28/45
    38 | D        | Noticed a meat berserker
    38 | D        | Noticed a meat berserker
    38 | D        | Noticed a destroyer
    39 | D        | Noticed a bag of meat
    39 | D        | Noticed a destroyer
    39 | D        | Noticed a sculptor of flesh
    40 | D        | Noticed a meat berserker
    41 | D        | Noticed a sculptor of flesh
    41 | D        | Killed a meat berserker
    42 | D        | Killed a destroyer
    42 | D        | Killed a sculptor of flesh
    42 | D        | Killed a destroyer
    43 | D        | Noticed a sculptor of flesh
    43 | D        | Killed a bag of meat
    43 | D        | Killed a sculptor of flesh
    43 | D        | Reached XP level 22. HP: 212/212 MP: 29/47
    44 | D        | Noticed a sculptor of flesh
    44 | D        | Noticed a destroyer
    44 | D        | Killed a meat berserker
    44 | D        | Reached skill level 27 in Spellcasting
    45 | D        | Killed a destroyer
    45 | D        | Killed a meat berserker
    46 | D        | Noticed a meat berserker
    46 | D        | Killed a bag of meat
    46 | D        | Reached skill level 27 in Conjurations
    46 | D        | Killed a meat berserker
    46 | D        | Reached skill level 27 in Air Magic
    46 | D        | Reached skill level 5 in Invocations
    47 | D        | Noticed a bag of meat
    47 | D        | Noticed a bag of meat
    47 | D        | Noticed an accursed
    47 | D        | Killed a sculptor of flesh
    47 | D        | Reached skill level 10 in Stealth
    47 | D        | Reached XP level 23. HP: 219/219 MP: 30/48
    48 | D        | Noticed a bag of meat
    48 | D        | Noticed a bag of meat
    49 | D        | Noticed a bag of meat
    50 | D        | Noticed a bag of meat
    50 | D        | Noticed a bag of meat
    50 | D        | Noticed a bag of meat
    50 | D        | Noticed a bag of meat
    51 | D        | Noticed a bag of meat
    51 | D        | Killed an accursed
    51 | D        | Reached skill level 10 in Unarmed Combat
    52 | D        | Noticed a bag of meat
    52 | D        | Killed a sculptor of flesh
    52 | D        | Reached skill level 10 in Throwing
    52 | D        | Reached skill level 15 in Stealth
    52 | D        | Killed a sculptor of flesh
    52 | D        | Reached skill level 15 in Invocations
    52 | D        | Killed a bag of meat
    53 | D        | Noticed an accursed
    53 | D        | Noticed a meat berserker
    53 | D        | Killed a destroyer
    54 | D        | Noticed a bag of meat
    54 | D        | Noticed a bag of meat
    54 | D        | Killed a bag of meat
    54 | D        | Killed a bag of meat
    54 | D        | Reached skill level 15 in Throwing
    54 | D        | Reached XP level 24. HP: 226/226 MP: 32/49
    55 | D        | Noticed a meat berserker
    55 | D        | Noticed a bag of meat
    55 | D        | Killed a meat berserker
    55 | D        | Killed a bag of meat
    56 | D        | Noticed a meat berserker
    57 | D        | Noticed a large bag of meat
    57 | D        | Killed a bag of meat
    57 | D        | Killed a bag of meat
    57 | D        | Killed a bag of meat
    57 | D        | Killed a bag of meat
    57 | D        | Reached skill level 27 in Stealth
    58 | D        | Noticed a meat berserker
    58 | D        | Noticed a meat berserker
    58 | D        | Noticed a meat berserker
    59 | D        | Noticed a tyrant
    59 | D        | Noticed a bag of meat
    59 | D        | Noticed a bag of meat
    59 | D        | Noticed a bag of meat
    59 | D        | Killed a meat berserker
    59 | D        | Killed a bag of meat
    59 | D        | Reached skill level 27 in Invocations
    59 | D        | Reached XP level 25. HP: 232/232 MP: 33/49
    59 | D        | Killed a sculptor of flesh
    59 | D        | Killed a bag of meat
    60 | D        | Noticed a bag of meat
    60 | D        | Noticed a bag of meat
    60 | D        | Killed a meat berserker
    60 | D        | Reached skill level 27 in Unarmed Combat
    60 | D        | Killed a bag of meat
    61 | D        | Noticed a meat berserker
    61 | D        | Noticed a bag of meat
    61 | D        | Noticed The Captor
    61 | D        | Killed a meat berserker
    61 | D        | Killed a meat berserker
    61 | D        | Reached skill level 27 in Throwing
    62 | D        | Killed a bag of meat
    62 | D        | Killed a bag of meat
    62 | D        | Reached XP level 26. HP: 240/240 MP: 34/50
    62 | D        | Killed a bag of meat
    62 | D        | Killed a bag of meat
    63 | D        | Noticed a bag of meat
    63 | D        | Noticed a meat berserker
    63 | D        | Noticed a meat berserker
    63 | D        | Noticed a meat beast
    63 | D        | Killed a bag of meat
    63 | D        | Killed a meat berserker
    63 | D        | Killed a meat berserker
    64 | D        | Killed a meat berserker
    64 | D        | Killed a meat berserker
    65 | D        | Noticed a meat berserker
    67 | D        | Noticed a bag of meat
    67 | D        | Killed a bag of meat
    67 | D        | Reached XP level 27. HP: 198/247 MP: 35/50
    67 | D        | Killed a bag of meat
    67 | D        | Killed a meat beast
    67 | D        | Killed a large bag of meat
    67 | D        | Killed a bag of meat
    68 | D        | Noticed a bag of meat
    69 | D        | Noticed a bag of meat
    69 | D        | Killed a meat berserker
    69 | D        | Killed a meat berserker
    69 | D        | Killed a bag of meat
    70 | D        | Noticed a meat beast
    70 | D        | Noticed a meat berserker
    70 | D        | Killed a bag of meat
    70 | D        | Killed a tyrant
    71 | D        | Killed The Captor
    71 | D        | Killed a bag of meat
    71 | D        | Killed a meat beast
    72 | D        | Noticed a meat berserker
    72 | D        | Killed a bag of meat
    72 | D        | Killed a meat berserker
    73 | D        | Noticed a bag of meat
    74 | D        | Noticed a meat beast
    74 | D        | Noticed a bag of meat
    76 | D        | Noticed a lost soul
    76 | D        | Noticed a meat beast
    78 | D        | Killed a meat berserker
    94 | D        | Killed a bag of meat
   104 | D        | Killed a bag of meat
   115 | D        | Killed an accursed
   149 | D        | Learned a level 2 spell: Repel Missiles
   163 | D        | Noticed a bag of meat
   164 | D        | Noticed an observer
   164 | D        | Noticed a fleshlord
   165 | D        | Noticed a meat beast
   165 | D        | Noticed a meat beast
   174 | D        | Killed a bag of meat
   181 | D        | Noticed a meat berserker
   182 | D        | Killed a meat berserker
   187 | D        | Noticed an observer
   187 | D        | Killed an observer
   209 | D        | Noticed a scourge
   212 | D        | Killed a scourge
   214 | D        | Noticed a fleshlord
   215 | D        | Noticed a meat beast
   215 | D        | Noticed a vile
   217 | D        | Killed an observer
   219 | D        | Noticed a scourge
   220 | D        | Noticed a scourge
   220 | D        | Noticed a scourge
   220 | D        | Noticed a scourge
   220 | D        | Noticed a dread
   220 | D        | Noticed a lost soul
   220 | D        | Noticed an observer
   220 | D        | Noticed a scourge
   220 | D        | Noticed a scourge
   220 | D        | Noticed a lost soul
   221 | D        | Killed a fleshlord
   221 | D        | Reached skill level 27 in Charms
   221 | D        | Killed a meat beast
   222 | D        | Noticed a fleshlord
   223 | D        | Noticed a scourge
   229 | D        | Killed a scourge
   232 | D        | Killed a scourge
   235 | D        | Killed a scourge
   237 | D        | Killed a scourge
   240 | D        | Killed a dread
   249 | D        | Noticed a meat beast
   249 | D        | Noticed a meat berserker
   249 | D        | Noticed a bag of meat
   249 | D        | Noticed a tyrant
   249 | D        | Noticed a vile
   249 | D        | Noticed a scourge
   249 | D        | Noticed a scourge
   249 | D        | Noticed a fleshlord
   249 | D        | Noticed a dread
   249 | D        | Noticed a dread
   249 | D        | Noticed an observer
   249 | D        | Noticed a lost soul
   249 | D        | Noticed a fleshlord
   249 | D        | Killed a vile
   250 | D        | Killed a meat berserker
   251 | D        | Killed a meat beast
   253 | D        | Noticed an observer
   254 | D        | Noticed an observer
   254 | D        | Noticed a dread
   254 | D        | Killed a fleshlord
   255 | D        | Killed a fleshlord
   256 | D        | Noticed a dread
   256 | D        | Noticed a dread
   256 | D        | Killed a scourge
   257 | D        | Killed an observer
   258 | D        | Noticed an observer
   258 | D        | Noticed a sculptor of flesh
   258 | D        | Noticed a fleshlord
   258 | D        | Killed a scourge
   259 | D        | Killed a bag of meat
   260 | D        | Killed a dread
   262 | D        | Noticed a meat beast
   262 | D        | Killed a dread
   263 | D        | Killed a meat beast
   264 | D        | Killed a tyrant
   265 | D        | Killed a dread
   266 | D        | Noticed a bag of meat
   266 | D        | Noticed a dread
   266 | D        | Noticed a lost soul
   266 | D        | Noticed a fleshlord
   266 | D        | Noticed a fleshlord
   267 | D        | Noticed a vile
   267 | D        | Killed a fleshlord
   267 | D        | Killed a scourge
   268 | D        | Noticed a vile
   268 | D        | Noticed a dread
   268 | D        | Killed a scourge
   269 | D        | Killed an observer
   270 | D        | Noticed a fleshlord
   270 | D        | Killed a fleshlord
   270 | D        | Killed a dread
   271 | D        | Killed a bag of meat
   271 | D        | Killed an observer
   271 | D        | Killed a sculptor of flesh
   272 | D        | Killed a lost soul
   272 | D        | Killed a lost soul
   272 | D        | Killed an observer
   273 | D        | Noticed a vile
   273 | D        | Killed a bag of meat
   274 | D        | Killed a dread
   274 | D        | Killed a meat beast
   275 | D        | Noticed a vile
   275 | D        | Noticed a vile
   278 | D        | Noticed a lost soul
   278 | D        | Killed a vile
   278 | D        | Killed a dread
   279 | D        | Noticed a vile
   279 | D        | Killed a fleshlord
   279 | D        | Killed a dread
   279 | D        | Killed a vile
   279 | D        | Killed a fleshlord
   280 | D        | Noticed a meat beast
   280 | D        | Killed a fleshlord
   281 | D        | Noticed a destroyer
   281 | D        | Noticed a vile
   281 | D        | Noticed a vile
   281 | D        | Noticed a dread
   281 | D        | Noticed an observer
   281 | D        | Killed from afar by a vile

Action                   |  1- 3 |  4- 6 |  7- 9 | 10-12 | 13-15 | 16-18 | 19-21 | 22-24 | 25-27 || total
-------------------------+-------+-------+-------+-------+-------+-------+-------+-------+-------++-------
Melee: Executioner's axe |     1 |       |       |     1 |     3 |     7 |    12 |    13 |    54 ||    91
 Cast: Repel Missiles    |       |       |       |       |       |       |       |       |     1 ||     1
 Abil: Dig               |       |       |       |       |       |       |       |       |     3 ||     3
  Use: Potion            |       |       |       |       |       |       |       |       |     1 ||     1
 Stab: Distracted        |       |       |       |       |       |       |       |       |     2 ||     2
